 Dungeon Crawl Stone Soup version 0.26-a0-602-gd42a14c (webtiles) character file.

Game seed: 8046186094931408158

1527 Hazorath the Geomancer (level 8, 0/69 HPs)
             Began as a Gargoyle Earth Elementalist on Aug 30, 2020.
             Slain by an orc warrior
             ... wielding a +0 trident
              (8 damage)
             ... on level 6 of the Dungeon on Aug 31, 2020.
             The game lasted 00:19:20 (5595 turns).

Hazorath the Geomancer (GrEE)                       Turns: 5595, Time: 00:19:21

Health: 0/69       AC: 10    Str: 12    XL:     8   Next: 85%
Magic:  13/14      EV: 12    Int: 23    God:
Gold:   438        SH:  0    Dex: 16    Spells: 4/15 levels left

rFire    . . .     SeeInvis .   F - +8 falchion of Bloodstone {freeze, Int+5}
rCold    . . .     Faith    .   (no shield)
rNeg     + . .     Spirit   .   i - +0 leather armour
rPois    ∞         Reflect  .   u - +0 helmet
rElec    +         Harm     .   (no cloak)
rCorr    .                      (no gloves)
MR       .....                  C - +0 pair of boots
Stlth    ..........             o - amulet of regeneration
HPRegen  0.61/turn              e - +6 ring of dexterity
MPRegen  0.14/turn              (no ring)

@: berserking, very quick
A: negative energy resistance 1, electricity resistance, unbreathing,
petrification resistance, rot immunity, AC +5
a: no special abilities


You were on level 6 of the Dungeon.
You visited 1 branch of the dungeon, and saw 6 of its levels.

You collected 438 gold pieces.

Inventory:

Hand Weapons
 F - the +8 falchion of Bloodstone (weapon) {freeze, Int+5}
   (You took it off an orc on level 5 of the Dungeon)

   It has been specially enchanted to freeze those struck by it, causing extra
   injury to most foes and up to half again as much damage against particularly
   susceptible opponents.
   It can also slow down cold-blooded creatures.
   It affects your intelligence (+5).
Missiles
 d - 8 atropa-tipped darts
 f - 51 bolts
 p - 254 stones
 q - 39 sling bullets
 w - 35 poisoned darts (quivered)
Armour
 i - a +0 leather armour (worn)
 u - a +0 helmet (worn)
 C - a +0 pair of boots (worn)
 D - a +0 buckler
 E - a +0 kite shield
Magical Staves
 a - an uncursed staff of earth
Jewellery
 e - a +6 ring of dexterity (left hand)
 o - an amulet of regeneration (around neck)
Wands
 r - a wand of iceblast (15)
Scrolls
 b - a scroll of identify
 l - a scroll of enchant armour
 m - 2 scrolls of teleportation
 t - a scroll of enchant weapon
 v - a scroll of amnesia
 y - a scroll of remove curse
 B - 2 scrolls of fear
Potions
 c - 4 potions of curing
 h - 2 potions of invisibility
 j - 4 potions of might
 k - 3 potions of lignification {unknown}
 n - a potion of resistance {unknown}
 s - a potion of flight
 x - a potion of magic {unknown}
 z - a potion of cancellation {unknown}
 A - 2 potions of degeneration {unknown}


   Skills:
 - Level 3.4 Fighting
 * Level 2.1 Long Blades
 - Level 1.5 Dodging
 - Level 2.1 Stealth
 + Level 2.6 Shields
 + Level 4.4 Spellcasting
 - Level 5.7 Conjurations
 - Level 0.7 Transmutations
 * Level 8.4 Earth Magic


You had 4 spell levels left.
You knew the following spells:

 Your Spells              Type           Power        Failure   Level
a - Sandblast             Erth           #####.       1%          1
b - Stone Arrow           Conj/Erth      #####.       1%          3
c - Passwall              Tmut/Erth      ####....     3%          2
d - Lee's Rapid Deconstr  Erth           #####.....   11%         5

Your spell library contained the following spells:

 Spells                   Type           Power        Failure   Level
 Magic Dart               Conj           ####         1%          1
 Searing Ray              Conj           ####..       1%          2
 Dazzling Flash           Conj/Hex       ###...       12%         3
 Petrify                  Tmut/Erth      ####....     19%         4
 Fulminant Prism          Conj/Hex       ###.......   36%         4
 Iskenderun's Mystic Bla  Conj/Tloc      ###.....     36%         4


Dungeon Overview and Level Annotations

Branches:
Dungeon (6/15)
 Temple: D:4-7

Altars:
Cheibriados
Nemelex Xobeh
Okawaru
The Shining One

Annotations:
D:4 2 transporters, Kyleote's ghost, amateur HOFi


Innate Abilities, Weirdness & Mutations

You are resistant to torment.
Your stone body is resilient. (AC +5)
You are immune to poison.
You resist negative energy. (rN+)
You are resistant to electric shocks. (rElec)
You can survive without breathing.
You are immune to petrification.
You are immune to rotting.


Message History

You feel yourself moving faster!
You feel mighty!
The orc warrior hits you with a +0 trident!
* * * LOW HITPOINT WARNING * * *
You closely miss the orc warrior.
The orc warrior is moderately wounded.
You closely miss the orc warrior.
The orc warrior is moderately wounded.
The orc warrior closely misses you.
You hit the orc warrior. You freeze the orc warrior.
The orc warrior is heavily wounded.
The orc warrior barely misses you.
You hit the orc warrior. You freeze the orc warrior.
The orc warrior is severely wounded.
You hit the orc warrior but do no damage.
The orc warrior is severely wounded.
The orc warrior closely misses you.
You hit the orc warrior. You freeze the orc warrior.
The orc warrior is almost dead.
The orc warrior hits you with a +0 trident!
You die...

#..[# #...# #≈≈...≈≈#
#..#.... ###.# #.###..
#≈≈.≈≈# ##......
#.###.# #.. ≈.≈#
##.#### #.##..#
#.#####'# #.#
#....####....... ####.#
####..##...#...#
##....# #..##..##...#
##.....## #...#..##o>.#
#.......# #......##@..#
#.......#
#.....##...)..#
#.......###
#....##.#.......#
##......... #....
#.....#...#
##......#### #..##
#.....#...###........#
#..
#..#..#######.........#
#. #.....##
#..#.......# #...##
#..##..>...#### ...#
...##..#....)...


You could see an orc warrior.

Vanquished Creatures
  A black bear (D:6)
  A phantom (D:4)
  2 ogres
  4 big kobolds (D:5)
  A bullfrog (D:4)
  A scorpion (D:6)
  An electric eel (D:6)
  A bullfrog skeleton (D:6)
  2 hounds
  A jelly (D:5)
  2 orc priests
  5 orc wizards
  A centaur skeleton (D:5)
  2 iguanas
  A worker ant (D:5)
  3 hound skeletons
  A howler monkey zombie (D:6)
  A worker ant zombie (D:5)
  5 adders
  3 gnolls (D:5)
  A white imp (D:5)
  An ufetubus (D:6)
  An ooze (D:1)
  3 worms
  A dart slug (D:1)
  4 leopard geckos
  25 orcs
  5 ball pythons
  6 giant cockroaches
  8 goblins
  12 hobgoblins
  5 jackals
  4 quokkas
  5 bats
  4 frilled lizards
  A giant cockroach zombie (D:6)
  54 kobolds
  A leopard gecko skeleton (D:4)
  A quokka skeleton (D:4)
  5 rats
186 creatures vanquished.

Vanquished Creatures (others)
  An orc (D:4)
  A plant (D:5)
2 creatures vanquished.

Grand Total: 188 creatures vanquished

Notes
Turn   | Place    | Note
-------+----------+-------------------------------------------
     0 | D:1      | Hazorath the Gargoyle Earth Elementalist began the quest
                  | for the Orb.
     0 | D:1      | Reached XP level 1. HP: 10/10 MP: 3/3
   257 | D:1      | Reached XP level 2. HP: 15/16 MP: 1/5
   346 | D:1      | Reached skill level 4 in Earth Magic
   622 | D:1      | Reached skill level 1 in Fighting
   900 | D:1      | Reached XP level 3. HP: 20/20 MP: 3/6
   905 | D:1      | Learned a level 3 spell: Stone Arrow
   908 | D:1      | Learned a level 2 spell: Passwall
  1640 | D:2      | Reached skill level 1 in Conjurations
  1853 | D:2      | Found a glowing golden altar of the Shining One.
  1962 | D:2      | Reached XP level 4. HP: 25/25 MP: 7/7
  2570 | D:3      | Found a snail-covered altar of Cheibriados.
  2818 | D:3      | Reached skill level 5 in Earth Magic
  2892 | D:3      | Reached XP level 5. HP: 29/30 MP: 9/9
  3448 | D:4      | Found a transporter.
  3499 | D:4      | Noticed a phantom
  3516 | D:3      | Reached XP level 6. HP: 36/36 MP: 5/10
  3564 | D:4      | Got a jewelled dagger
  3565 | D:4      | Identified the cursed +3 dagger "Xadackeg" {vamp, rN+ MR+}
                  | (You found it on level 4 of the Dungeon)
  3590 | D:4      | Reached skill level 6 in Earth Magic
  3662 | D:4      | Killed a phantom
  3662 | D:4      | Reached XP level 7. HP: 34/41 MP: 6/12
  3806 | D:4      | Found a transporter.
  3823 | D:4      | Noticed Kyleote's ghost (amateur HOFi)
  3966 | D:4      | Found an iron altar of Okawaru.
  4046 | D:5      | Entered Level 5 of the Dungeon
  4400 | D:5      | Identified the +8 falchion of Bloodstone {freeze, Int+5}
  4738 | D:5      | Reached skill level 7 in Earth Magic
  4856 | D:5      | Reached skill level 5 in Conjurations
  4856 | D:5      | Reached XP level 8. HP: 44/46 MP: 13/13
  4905 | D:5      | Reached skill level 1 in Shields
  5167 | D:6      | Learned a level 5 spell: Lee's Rapid Deconstruction
  5177 | D:6      | Found the +9 staff of Olgreb {rPois∞}
  5280 | D:6      | Reached skill level 1 in Long Blades
  5304 | D:6      | Reached skill level 8 in Earth Magic
  5537 | D:6      | Found a sparkling altar of Nemelex Xobeh.
  5595 | D:6      | Slain by an orc warrior

Illustrated notes

Levels and vault maps discovered:
D:1:      eino_arrival_tree_alley, layout_loops_ring, grunt_decor_one_mirror
D:2:      layout_basic, lemuel_round_altar
D:3:      layout_loops_cross, lemuel_round_altar
D:4:      layout_cave_pools, marbit_many_paths, gammafunk_ghost_stat_death
D:5:      minmay_goblin_kobold_castle, layout_rooms, guppyfry_early_lair_pool
D:6:      layout_rooms, grunt_temple_overflow_lords_of_destruction,
          lemuel_coloured_pillars_altar, kennysheep_diamond,
          nemelex_spade_bored_becter, uniq_edmund

Skill      XL: |  1  2  3  4  5  6  7  8 |
---------------+-------------------------+-----
Earth Magic    | 4 5 6 7 8 |  8.4
Fighting       | 1 2 3 |  3.4
Conjurations   | 1 2 3 5 |  5.7
Spellcasting   | 3 4 |  4.4
Shields        | 2 |  2.6
Long Blades    | 2 |  2.1
Dodging        | |  1.5
Stealth        | |  2.1
Transmutations | |  0.7

Action                   |  1- 3 |  4- 6 |  7- 9 || total
-------------------------+-------+-------+-------++-------
Melee: Unarmed           |    28 |       |       ||    28
       Dagger            |   108 |    83 |    58 ||   249
       Hand axe          |       |    68 |       ||    68
       Staff             |       |    18 |       ||    18
       Falchion          |       |       |   117 ||   117
 Cast: Sandblast         |    26 |    43 |    40 ||   109
  Use: Scroll            |     7 |     6 |     2 ||    15
       Potion            |       |       |     1 ||     1
 Stab: Sleeping          |     4 |     2 |     3 ||     9
Armor: Robe              |    22 |       |       ||    22
       Leather armour    |    29 |    75 |    99 ||   203
Dodge: Dodged            |    86 |   148 |   171 ||   405
       Rpst.: Falchion   |       |       |    32 ||    32

Table legend: (Time is in decaauts)
 A = Elapsed time spent in this place.
 B = Non-inter-level travel time spent in this place.
 C = Inter-level travel time spent in this place.
 D = Time resting spent in this place.
 E = Time spent auto-exploring this place.
 F = Levels seen in this place.
 G = Mean time per level.
                   A        B        C        D        E       F      G
               +--------+--------+--------+--------+--------+-----+--------+
         Total |   5654 |   5553 |    101 |    118 |   3972 |   6 |  942.3 |
       Dungeon |   5654 |   5553 |    101 |    118 |   3972 |   6 |  942.3 |
               +--------+--------+--------+--------+--------+-----+--------+

Top non-repeatable levels by time:
     D:1: 1302 daAuts
     D:3: 1173 daAuts
     D:5: 1140 daAuts
     D:2: 1019 daAuts
     D:4: 570 daAuts
     D:6: 447 daAuts
